 Dungeon Crawl Stone Soup version 0.28.0 (webtiles) character file.

Game seed: 6211254987550091550

5245 zeram the Nimble (level 10, 0/47 HPs)
             Began as a Spriggan Fighter on Feb 13, 2022.
             Was an Initiate of Gozag.
             Slain by Harold (20 damage)
             ... on level 9 of the Dungeon on Feb 14, 2022.
             The game lasted 00:26:11 (13813 turns).

zeram the Nimble (Spriggan Fighter)                Turns: 13813, Time: 00:26:12

Health: 0/47       AC:  9    Str: 12    XL:     10   Next: 36%
Magic:  11/11      EV: 12    Int: 14    God:    Gozag
Gold:   1166       SH:  0    Dex: 15    Spells: 8/9 levels left

rFire   . . .      SeeInvis +   k - +2 dagger (freeze)
rCold   . . .      Faith    .   c - +3 buckler
rNeg    . . .      Spirit   .   b - +0 robe
rPois   .          Reflect  .   (helmet restricted)
rElec   .          Harm     .   m - +2 cloak {Stlth+}
rCorr   .          Rampage  .   (gloves unavailable)
Will    +....                   (boots unavailable)
Stlth   ++++......              (no amulet)
HPRegen 0.15/turn               e - +4 ring of protection
MPRegen 0.12/turn               (no ring)

@: marked, held, very quick
A: very small, no large weapons, unfitting armour, see invisible, speed 3
a: Renounce Religion, Potion Petition, Call Merchant, Bribe Branch


You were on level 9 of the Dungeon.
You worshipped Gozag.
Gozag was most pleased with you.
You visited 2 branches of the dungeon, and saw 10 of its levels.
You also visited: Bailey.

You collected 1240 gold pieces.
You paid 74 gold pieces to Gozag.

Inventory:

Hand Weapons
 a - a +0 rapier
 k - a +2 dagger of freezing (weapon)
Missiles
 w - a poisoned dart (quivered)
Armour
 b - a +0 robe (worn)
 c - a +3 buckler (worn)
 g - an orb of wrath
 m - a +2 cloak of stealth (worn)
Jewellery
 e - a +4 ring of protection (left hand)
Wands
 p - a wand of flame (24)
Scrolls
 h - 3 scrolls of teleportation
 q - a scroll of magic mapping
 y - 2 scrolls of fog
Potions
 d - 3 potions of lignification
 f - 2 potions of degeneration
 j - a potion of attraction
 n - 3 potions of cancellation
 o - a potion of resistance
 s - a potion of mutation
 t - a potion of flight
 v - 2 potions of brilliance
 z - 4 potions of curing
 C - a potion of invisibility {unknown}


   Skills:
 - Level 2.4 Fighting
 + Level 5.6 Short Blades
 + Level 12.6 Dodging
 - Level 5.7 Stealth
 + Level 6.9 Shields
 * Level 5.3 Summonings


You had 8 spell levels left.
You knew the following spells:

 Your Spells              Type           Power      Damage    Failure   Level
a - Summon Small Mammal   Summ           56%        N/A       6%          1

Your spell library contained the following spells:

 Spells                   Type           Power      Damage    Failure   Level
 Animate Skeleton         Necr           0%         N/A       45%         1
 Apportation              Tloc           0%         N/A       45%         1
 Magic Dart               Conj           0%         1d3       45%         1
 Ensorcelled Hibernation  Hex/Ice        0%         N/A       61%         2
 Passwall                 Tmut/Erth      0%         N/A       61%         2
 Searing Ray              Conj           0%         2d4       61%         2
 Swiftness                Air            0%         N/A       83%         3
 Animate Armour           Summ/Erth      14%        N/A       87%         4
 Fulminant Prism          Conj/Hex       0%         3d6       99%         4
 Alistair's Intoxication  Tmut/Pois      0%         N/A       100%        5
 Blade Hands              Tmut           0%         N/A       100%        5
 Iron Shot                Conj/Erth      0%         9d1       100%        6


Dungeon Overview and Level Annotations

Branches:
Dungeon (9/15)             Temple (1/1) D:4            Lair (0/6) D:9
 Bailey (visited)
    Orc: D:9-12

Altars:
Ashenzari
Cheibriados
Dithmenos
Elyvilon
Fedhas
Gozag
Hepliaklqana
Kikubaaqudgha
Makhleb
Nemelex Xobeh
Okawaru
Qazlal
Ru
Sif Muna
Trog
Uskayaw
Vehumet
Wu Jian
Xom
Yredelemnul
Zin
The Shining One

Annotations:
D:4 1 transporter, cbfl8's ghost, weakling MiDe
D:9 Harold


Innate Abilities, Weirdness & Mutations

You are very small and have problems with some larger weapons.
You are too small for most types of armour.
You have supernaturally acute eyesight. (SInv)
You cover ground extremely quickly. (Speed+++)


Message History

Harold is nearby!
You barely miss Harold. Harold hits you with a +0 dire flail!
A gnoll sergeant comes into view. It is wielding a +0 spear.
You completely miss Harold. You block Harold's attack.
Harold gestures at you while chanting. A sentinel's mark forms upon you.
Harold throws a throwing net.
The throwing net hits you.
You become entangled in the net!
You see here a throwing net.
Aiming: Charm
Press: ? - help, Shift-Dir - straight line, f - Harold
Aim: Harold, wielding a +0 dire flail, wearing a +0 scale mail and quivering 2 throwing nets (chance to affect: 17%) Harold resists with almost no effort.
Aiming: Charm
Press: ? - help, Shift-Dir - straight line, f/p - Harold
Aim: Harold, wielding a +0 dire flail, wearing a +0 scale mail and quivering 2 throwing nets (chance to affect: 17%) Harold resists with almost no effort.
Aiming: Charm
Press: ? - help, Shift-Dir - straight line, f/p - Harold
Aim: Harold, wielding a +0 dire flail, wearing a +0 scale mail and quivering 2 throwing nets (chance to affect: 17%) Harold resists with almost no effort.
Aiming: Charm
Press: ? - help, Shift-Dir - straight line, f/p - Harold
Aim: Harold, wielding a +0 dire flail, wearing a +0 scale mail and quivering 2 throwing nets (chance to affect: 17%) Harold resists with almost no effort.
Aiming: Charm
Press: ? - help, Shift-Dir - straight line, f/p - Harold
Aim: Harold, wielding a +0 dire flail, wearing a +0 scale mail and quivering 2 throwing nets (chance to affect: 17%) Harold resists with almost no effort.
The now-empty wand crumbles to dust.
Harold hits you with a +0 dire flail!
An orc comes into view. It is wielding a +0 short sword.
You struggle against the net.
A gnoll comes into view. It is wielding a +0 flail.
Harold barely misses you.
A centaur comes into view.
You struggle against the net.
The centaur wields a +0 shortbow.
The centaur shoots an arrow.
The arrow hits you. Harold hits you with a +0 dire flail!!
You die...
Your body crumbles into a pile of gold.

#..######.#
.g.......#
........#
#.......#
#.......#
#g......#
#o......#
#@#####.+ #@#
. #.# ####.#
#....# ..
#####...##..#
$
#.......#..##
#..).........
#.)∩)..c...#.
#..)).....##


You could see Harold, a gnoll sergeant, a centaur, a gnoll and an orc.

Vanquished Creatures
  A wyvern (D:8)
  12 yaks
  Edmund (D:6)
  A water moccasin (D:4)
  A necrophage (D:5)
  2 ogres
  5 orc warriors (Bailey)
  2 sky beasts
  A black bear (D:4)
  3 centaurs
  A phantom (D:4)
  A gnoll sergeant (D:7)
  2 kobold brigands
  3 bullfrogs
  2 water moccasin skeletons (D:6)
  A wyvern skeleton (D:7)
  3 wights (D:8)
  An electric eel (Bailey)
  2 bullfrog zombies (D:7)
  An orc priest (D:5)
  A bullfrog skeleton (D:6)
  A jelly (D:6)
  3 hounds
  A gnoll shaman (D:7)
  2 centaur skeletons
  3 iguanas (D:4)
  5 orc wizards
  Ijyb (D:3)
  A killer bee zombie (D:9)
  Robin (D:2)
  10 gnolls
  9 adders
  2 shadow imps
  A white imp (D:6)
  An adder skeleton (D:4)
  4 dart slugs
  16 orcs
  7 ball pythons
  4 bats
  11 endoplasms
  8 giant cockroaches
  21 goblins
  9 hobgoblins
  21 kobolds
  6 quokkas
  6 frilled lizards
  A jackal skeleton (D:4)
  A quokka skeleton (D:3)
  2 rats
205 creatures vanquished.

Vanquished Creatures (collateral kills)
  An ice beast (D:8)
  An orc warrior (Bailey)
  A bullfrog (D:8)
  Crazy Yiuf (D:2)
  A goblin (Bailey)
5 creatures vanquished.

Vanquished Creatures (others)
  An orc warrior (Bailey)
1 creature vanquished.

Grand Total: 211 creatures vanquished

Notes
Turn   | Place    | Note
-------+----------+-------------------------------------------
     0 | D:1      | zeram the Spriggan Fighter began the quest for the Orb.
     0 | D:1      | Reached XP level 1. HP: 11/11 MP: 2/2
   281 | D:1      | Reached XP level 2. HP: 16/16 MP: 3/3
  1372 | D:2      | Reached XP level 3. HP: 19/19 MP: 4/4
  1498 | D:2      | Reached skill level 5 in Dodging
  1573 | D:2      | Noticed Robin
  1595 | D:2      | Killed Robin
  1682 | D:2      | Reached XP level 4. HP: 18/23 MP: 5/5
  1768 | D:2      | Reached skill level 1 in Stealth
  2413 | D:2      | Found a faded altar of an unknown god.
  2480 | D:2      | Found a runed translucent door.
  2481 | D:2      | Noticed Crazy Yiuf
  2496 | D:2      | Killed Crazy Yiuf
  2714 | D:3      | Reached XP level 5. HP: 27/27 MP: 6/6
  2822 | D:3      | Noticed Ijyb
  2829 | D:3      | Killed Ijyb
  3474 | D:4      | Noticed a black bear
  3487 | D:4      | Killed a black bear
  3488 | D:4      | Reached XP level 6. HP: 31/32 MP: 7/7
  3684 | D:4      | Reached skill level 5 in Short Blades
  3684 | D:4      | Reached skill level 5 in Stealth
  3765 | D:4      | Found a staircase to the Ecumenical Temple.
  3774 | D:4      | Learned a level 1 spell: Summon Small Mammal
  3795 | D:4      | Found a transporter.
  3795 | D:4      | Noticed cbfl8's ghost (weakling MiDe)
  3795 | D:4      | Identified the +5 dire flail "Goblin's Foe" {freeze, rPois
                  | rC- Will++ Dex+3}
  4261 | D:4      | Reached XP level 7. HP: 35/35 MP: 8/8
  4297 | D:5      | Entered Level 5 of the Dungeon
  4305 | Temple   | Entered the Ecumenical Temple
  4473 | Temple   | Became a worshipper of Gozag Ym Sagoz the Greedy
  4532 | D:5      | Reached skill level 6 in Dodging
  4532 | D:5      | Reached skill level 1 in Summonings
  5009 | D:4      | HP: 1/35 [poisoned by a water moccasin]
  5925 | D:5      | Reached skill level 7 in Dodging
  5925 | D:5      | Reached XP level 8. HP: 21/39 MP: 9/9
  6471 | D:6      | Noticed Edmund
  6537 | D:6      | Killed Edmund
  6729 | D:6      | Reached skill level 8 in Dodging
  7135 | D:6      | Reached skill level 9 in Dodging
  7349 | D:6      | Reached skill level 5 in Shields
  7493 | D:7      | Reached XP level 9. HP: 36/43 MP: 10/10
  8246 | D:7      | Found a hide-covered altar of Uskayaw.
  8250 | D:7      | Noticed a +0 hand axe
  8250 | D:7      | Noticed a +0 dagger
  8965 | D:7      | Reached skill level 10 in Dodging
  9792 | D:8      | Reached skill level 11 in Dodging
 10890 | D:8      | Reached XP level 10. HP: 35/47 MP: 11/11
 11376 | D:8      | Reached skill level 12 in Dodging
 11393 | D:8      | Reached skill level 5 in Summonings
 11771 | D:9      | Found a staircase to the Lair.
 12081 | D:9      | Found a flagged portal.
 12090 | Bailey   | Entered a bailey
 13528 | Bailey   | Noticed an orc high priest
 13530 | Bailey   | Noticed a smoke demon
 13530 | Bailey   | Noticed a rust devil
 13535 | Bailey   | Noticed a rust devil
 13749 | Bailey   | Found an iron altar of Okawaru.
 13751 | Bailey   | Noticed an orc high priest
 13755 | Bailey   | Found the +3 sling "Punk" {acid, rCorr}
 13758 | Bailey   | Noticed a soul eater
 13795 | D:9      | Noticed Harold
 13813 | D:9      | Slain by Harold

Illustrated notes

Levels and vault maps discovered:
D:1:      matt_arrival_spirals, layout_basic, minivault_24, minmay_unequal
D:2:      layout_loops_corners, dilly_ecumenical_altar_fadedgnrine,
          serial_park_tiny_2, grunt_decor_mini_mirrors, uniq_crazy_yiuf_cottage,
          uniq_robin
D:3:      wad_crossroads, layout_basic, chequers_serial_rivers_micro_c,
          corexii_shack, uniq_ijyb
D:4:      layout_cave_pools, minmay_temple_entry_purple_smoke,
          gammafunk_ghost_smash, minmay_joined_circles
D:5:      layout_rooms
D:6:      layout_loops_ring, uniq_edmund
D:7:      layout_gridville, dancing_weapons_uskayaw, serial_co_window_serial,
          co_window_corner_a, co_window_paths_a, co_window_paths_b,
          co_window_of_opportunity_a, co_window_paths_a, co_window_2corner,
          co_window_of_opportunity_b, co_window_2corner, co_window_4corner_b,
          co_window_4corner_a, glass_columns_b, glass_columns_c,
          glass_columns_a, glass_columns_a, glass_columns_c
D:8:      layout_rooms
D:9:      layout_irregular_city, lair_entry_dummy, enter_bailey_2,
          nicolae_wwwww, uniq_pikel, uniq_harold
Temple:   minmay_crystal_snake_temple

Skill      XL: |  1  2  3  4  5  6  7  8  9 10 |
---------------+-------------------------------+-----
Short Blades   | 3 4 5 |  5.6
Dodging        | 5 7 9 11 12 | 12.6
Stealth        | 2 4 5 |  5.7
Shields        | 3 4 5 6 |  6.9
Summonings     | 2 3 4 5 |  5.3
Fighting       | |  2.4

Action                   |  1- 3 |  4- 6 |  7- 9 | 10-12 || total
-------------------------+-------+-------+-------+-------++-------
Melee: Rapier            |   119 |       |       |       ||   119
       Dagger            |     4 |   207 |   714 |   308 ||  1233
Throw: Dart              |       |       |    21 |    27 ||    48
       Throwing net      |       |       |       |     1 ||     1
 Cast: Summon Small Mamm |       |       |     2 |       ||     2
Evoke: Wand              |       |       |     8 |    23 ||    31
  Use: Scroll            |     3 |     8 |     9 |     7 ||    27
       Potion            |     1 |       |     4 |       ||     5
 Stab: Sleeping          |     2 |    26 |     9 |     5 ||    42
       Distracted        |       |     1 |     5 |     4 ||    10
       Paralysed         |       |       |       |     2 ||     2
Armor: Robe              |    30 |    20 |    65 |    17 ||   132
Dodge: Dodged            |    99 |    82 |   361 |   161 ||   703
Block: Buckler           |    42 |    68 |   222 |   132 ||   464
